 Dungeon Crawl Stone Soup version 0.30-a0-782-ge64f9170bb (webtiles) character file.

Game seed: 4207497234497354194

189 shadizar the Trooper (level 5, 0/34 HPs)
             Began as a Gargoyle Fighter on Mar 18, 2023.
             Slain by a hound (4 damage)
             ... on level 4 of the Dungeon.
             The game lasted 00:05:11 (3096 turns).

shadizar the Trooper (Gargoyle Fighter)             Turns: 3096, Time: 00:05:11

Health: 0/34       AC: 13    Str: 22    XL:     5   Next: 68%
Magic:  5/5        EV: 10    Int:  8    God:
Gold:   145        SH:  5    Dex: 15    Spells: 4/4 levels left

rFire   . . .      SeeInvis .    a - +0 war axe
rCold   . . .      Faith    .    c - +0 buckler
rNeg    + . .      Spirit   .    b - +0 scale mail
rPois   ∞          Reflect  .    (no helmet)
rElec   +          Harm     .    i - +0 cloak
rCorr   .          Rampage  .    t - +0 pair of gloves
Will    .....                    (no boots) Stlth
                                 (no amulet)
HPRegen 0.25/turn                j - +6 ring of dexterity
MPRegen 0.09/turn                (no ring)

@: no status effects
A: sickness immunity, AC +4, negative energy resistance 1, electricity
resistance, torment resistance 1, petrification resistance
a: no special abilities


You were on level 4 of the Dungeon.
You visited 2 branches of the dungeon, and saw 6 of its levels.

You collected 145 gold pieces.

Inventory:

Hand Weapons
 a - a +0 war axe (weapon)
Missiles
 h - a throwing net (quivered)
Armour
 b - a +0 scale mail (worn)
 c - a +0 buckler (worn)
 i - a +0 cloak (worn)
 t - a +0 pair of gloves (worn)
 w - a +0 pair of gloves
Jewellery
 j - a +6 ring of dexterity (left hand)
Wands
 v - a wand of paralysis (7)
Scrolls
 e - 2 scrolls of poison {unknown}
 f - 3 scrolls of identify {unknown}
 g - 3 scrolls of immolation {unknown}
 o - a scroll of amnesia {unknown}
 q - a scroll of magic mapping {unknown}
 u - 2 scrolls of silence {unknown}
Potions
 d - a potion of might
 k - 2 potions of haste {unknown}
 l - 3 potions of brilliance {unknown}
 m - a potion of mutation {unknown}
 n - a potion of curing {unknown}
 p - a potion of degeneration {unknown}
 r - a potion of heal wounds {unknown}
 s - 2 potions of lignification {unknown}


   Skills:
 * Level 4.8 Fighting
 + Level 2.6 Axes
 + Level 4.0 Armour
 + Level 1.3 Dodging
 + Level 4.1 Shields


You had 4 spell levels left.
You didn't know any spells.
Your spell library was empty.

Dungeon Overview and Level Annotations

Branches:
Dungeon (5/15)             Temple (1/1) D:4

Altars:
Ashenzari
Cheibriados
Dithmenos
Elyvilon
Fedhas
Gozag
Hepliaklqana
Kikubaaqudgha
Nemelex Xobeh
Qazlal
Ru
Sif Muna
Trog
Uskayaw
Vehumet
Wu Jian
Xom
Yredelemnul
Zin
The Shining One

Annotations:
D:4 Sigmund


Innate Abilities, Weirdness & Mutations

You are immune to sickness and miasma.
Your stone body is resilient. (AC +4)
You are immune to poison.
You resist negative energy. (rN+)
You are resistant to electric shocks. (rElec)
You are resistant to unholy torment.
You are immune to petrification.


Message History

The hound attacks as you move away! The hound barely misses you.
The gnoll is no longer moving quickly.
The hound stops to sniff the ground.
The hound bites you but does no damage.
The orc jeers noisily, as Orcs often do.
The hound attacks as you move away! The hound bites you.
* * * LOW HITPOINT WARNING * * *
The scorpion attacks as you move away! You block the scorpion's attack.
The orc wizard gestures wildly while chanting.
The orc wizard flickers and vanishes!
Deactivating autopickup; reactivate with Ctrl-A.
The scorpion attacks as you move away! The scorpion barely misses you.
Found a stone staircase leading down.
The gnoll bouda barks out a call to the hunt!
The gnoll picks up the pace!
The hound closely misses you. The scorpion attacks as you move away!
The scorpion misses you.
A white imp comes into view.
The white imp shouts, "Scamper home, thou infectious rump-fed pustule!"
The scorpion closely misses you. The scorpion attacks as you move away!
The scorpion stings you but does no damage.
An adder comes into view.
Found 7 stones.
The adder hisses angrily.
A hound comes into view.
You block the hound's attack.
The hound moves out of view.
There is a stone staircase leading up here.
The hound barely misses you. The gnoll hits you with a +0 whip.
* * * LOW HITPOINT WARNING * * *
The scorpion stings you but does no damage.
You climb upwards.
Level annotation: Sigmund Reactivating autopickup.
There is a stone staircase leading down here.
The hound attacks as you move away! The hound barely misses you.
The gnoll attacks as you move away! The gnoll hits you but does no damage.
The scorpion stings you but does no damage.
The hound bites you.
You die...

#..# #†## ######...# #.....
#..# #..# ##......### #.....
#.## ##.# #..###### #..).. ..
#.## #.## #...##. #.. #..###.#
#..# #. ... ##..##.# ##.# ##
#...#####.....########...# #
#.........##..#...#....#.#####
...######...#@g.....#.........
. #...#..sh.....#....#####
..).####.###...........# ###
.........# #...........# #..
_..?_.#### ##.#........## #.#
..... ###..÷...@#...# ##.#
..⌠@ .............#.# #..# ...
####.(.......#.####.## _.
#........##........


You could see Sigmund, a scorpion, a hound and a gnoll (swift).

Vanquished Creatures
  A scorpion (D:4)
  5 adders
  A gnoll (D:4)
  2 dart slugs
  An orc (D:3)
  9 endoplasms
  3 giant cockroaches
  10 hobgoblins
  2 jackals (D:1)
  6 kobolds
  4 quokkas
  7 ball pythons
  8 bats
  4 frilled lizards
  2 goblins
  6 rats
71 creatures vanquished.

Notes
Turn   | Place    | Note
-------+----------+-------------------------------------------
     0 | D:1      | shadizar the Gargoyle Fighter began the quest for the Orb.
     0 | D:1      | Reached XP level 1. HP: 14/14 MP: 1/1
   136 | D:1      | Reached XP level 2. HP: 19/19 MP: 2/2
   870 | D:2      | Reached XP level 3. HP: 24/24 MP: 3/3
  1304 | D:2      | Reached XP level 4. HP: 29/29 MP: 4/4
  2024 | D:3      | Reached skill level 1 in Dodging
  2655 | D:4      | Noticed a scorpion
  2662 | D:4      | Killed a scorpion
  2663 | D:4      | Reached XP level 5. HP: 30/34 MP: 5/5
  2741 | D:4      | Found a staircase to the Ecumenical Temple.
  2824 | D:4      | Found a snail-covered altar of Cheibriados.
  2828 | D:4      | Found a bloodstained altar of Trog.
  2828 | D:4      | Found a shimmering blue altar of Sif Muna.
  2828 | D:4      | Noticed Sigmund
  2852 | Temple   | Entered the Ecumenical Temple
  3067 | D:5      | Entered Level 5 of the Dungeon
  3096 | D:4      | Slain by a hound

Illustrated notes

Levels and vault maps discovered:
D:1:      psy_arrival_conway, layout_loops_ring, minivault_24
D:2:      layout_basic
D:3:      layout_basic
D:4:      layout_rooms, grunt_temple_overflow_open,
          minmay_temple_entry_statues_fountains, minivault_1, uniq_sigmund
D:5:      layout_gridville
Temple:   bh_familiar_temple

Skill      XL: |  1  2  3  4 |
---------------+-------------+-----
Axes           | 2 |  2.6
Fighting       | 4 |  4.8
Dodging        | 1 |  1.3
Armour         | 4 |  4.0
Shields        | 4 |  4.1

Action                     |  1- 3 |  4- 6 || total
---------------------------+-------+-------++-------
  Melee: War axe           |   107 |    77 ||   184
 Armour: Scale mail        |    60 |    72 ||   132
  Dodge: Dodged            |    45 |    64 ||   109
  Block: Buckler           |    16 |    25 ||    41

Table legend: (Time is in decaauts)
 A = Elapsed time spent in this place.
 B = Non-inter-level travel time spent in this place.
 C = Inter-level travel time spent in this place.
 D = Time resting spent in this place.
 E = Time spent auto-exploring this place.
 F = Levels seen in this place.
 G = Mean time per level.
                   A        B        C        D        E       F      G
               +--------+--------+--------+--------+--------+-----+--------+
         Total |   3180 |   3106 |     74 |      0 |   2473 |   6 |  530.0 |
       Dungeon |   2987 |   2913 |     74 |      0 |   2314 |   5 |  597.4 |
        Temple |    192 |    192 |      0 |      0 |    159 |   1 |  192.0 |
               +--------+--------+--------+--------+--------+-----+--------+

Top non-repeatable levels by time:
     D:3: 972 daAuts
     D:1: 875 daAuts
     D:2: 872 daAuts
     D:4: 240 daAuts
  Temple: 192 daAuts
     D:5: 27 daAuts
